 Dungeon Crawl Stone Soup version 0.29.0-4-gdea44cf6ec (webtiles) character file.

Game seed: 8577398138390754936

589 qw the Cleaver (level 7, -3/41 HPs)
             Began as a Tengu Warper on Aug 28, 2022.
             Slain by Grinder (6 damage)
             ... on level 5 of the Dungeon.
             The game lasted 00:00:22 (4194 turns).

qw the Cleaver (Tengu Warper)                       Turns: 4194, Time: 00:00:23

Health: -3/41      AC:  6    Str: 12    XL:     7   Next: 38%
Magic:  11/11      EV: 12    Int: 13    God:
Gold:   161        SH:  0    Dex: 13    Spells: 10/10 levels left

rFire   + . .      SeeInvis +   Y - +1 war axe
rCold   + . .      Faith    .   (no shield)
rNeg    . . .      Spirit   .   b - +1 ring mail "Koumat" {Rampage rElec Str-2 Slay+3}
rPois   .          Reflect  .   (helmet restricted)
rElec   +          Harm     .   l - scarf {rC+ rF+}
rCorr   .          Rampage  +   (no gloves)
Will    .....                   (boots unavailable)
Stlth   +.........              (no amulet)
HPRegen 0.13/turn               h - ring of see invisible
MPRegen 0.12/turn               (no ring)

@: attractive, flying quickly and evasively, quick
A: beak, talons 3, nimble flight
a: no special abilities


You were on level 5 of the Dungeon.
You visited 1 branch of the dungeon, and saw 5 of its levels.

You collected 161 gold pieces.


Innate Abilities, Weirdness & Mutations

You have a beak for a mouth.
You have claws for feet.
Your magical nature lets you fly swiftly and evasively.


   Skills:
 - Level 3.2 Fighting
 + Level 8.2 Axes
 - Level 1.0 Throwing
 - Level 1.1 Armour
 - Level 2.1 Dodging
 - Level 2.0 Spellcasting
 - Level 2.4 Translocations


You had 10 spell levels left.
You didn't know any spells.
Your spell library contained the following spells:

 Spells                   Type           Power      Damage    Failure   Level
 Blink                    Tloc           14%        N/A       32%         2
 Gell's Gravitas          Tloc           7%         N/A       54%         3
 Lesser Beckoning         Tloc           7%         N/A       54%         3
 Teleport Other           Tloc           7%         N/A       54%         3
 Manifold Assault         Tloc           7%         N/A       99%         5

Inventory:

Hand Weapons
 f - a +0 flail
 Y - a +1 war axe (weapon)
Missiles
 o - a boomerang (quivered)
Armour
 b - the +1 ring mail "Koumat" (worn) {Rampage rElec Str-2 Slay+3}
   (You found it on level 2 of the Dungeon)

   Str:       It affects your strength (-2).
   Slay:      It affects your accuracy & damage with ranged weapons and melee
   (+3).
   rElec:     It insulates you from electricity.
   Rampage:   It bestows one free step when moving towards enemies.
 l - a scarf of resistance (worn)
Jewellery
 h - a ring of see invisible (left hand)
Scrolls
 n - a scroll of identify
Potions
 a - a potion of ambrosia {unknown}
 d - a potion of resistance {unknown}
 e - a potion of magic {unknown}
 g - a potion of heal wounds {unknown}
 i - a potion of lignification {unknown}
 j - a potion of curing
 m - a potion of invisibility {unknown}

Dungeon Overview and Level Annotations

Branches:
Dungeon (6/15)
 Temple: D:4-7

Altars:

Annotations:
D:2 1 runed translucent door, Crazy Yiuf
D:5 Grinder


Message History

As you read the scroll labelled UCVUHA ISE ROR, it crumbles to dust.
The scroll dissolves into smoke.
It was a scroll of fog.
4179 ||| DRINKING 2 purple potions.
It was a potion of curing.
You feel better.
4180 ||| DRINKING 2 fizzy grey potions.
It was a potion of attraction.
You feel attractive to monsters.
4181 ||| DROPPING potion of attraction.
You drop a potion of attraction.
(D) Dungeon
Where to? (* - list waypoints, Enter - D:5, ? - help)
What level of the Dungeon? (default 1, ? - help) Grinder comes into view.
Grinder shouts!
An adder comes into view.
The adder is attracted toward you.
4185 ||| Stepping ~*~*~tactically~*~*~ (stealth).
Found a sling.
The adder is attracted toward you. Grinder is attracted toward you.
The adder hisses angrily.
You slash the adder!
You kill the adder!
Grinder gestures at you.
You suddenly lose the ability to move!
Grinder is attracted toward you. Grinder hits you but does no damage.
Grinder hits you. Grinder hits you.
You writhe in agony.
You can move again.
You closely miss Grinder. Your kick misses Grinder.
Grinder completely misses you.
You closely miss Grinder. Your kick misses Grinder. Your peck misses Grinder.
Grinder hits you.
You writhe in agony.
You closely miss Grinder. You claw Grinder!
Grinder is lightly wounded.
Grinder says, "I used to sell toenails on the black market."
Grinder hits you.
You writhe in agony.
Grinder hits you but does no damage.
You hit Grinder. Your kick misses Grinder.
Grinder is lightly wounded.
Grinder hits you!
You writhe in agony.
You closely miss Grinder.
Grinder is lightly wounded.
Grinder hits you.
You writhe in agony.
You die...

#.... ...
....## ...¤.
....# .....
#...#<.....
...#.....)
.........
####.#......
#...@5......
#¤¤¤........
#¤¤######...
#¤¤# .
#¤¤#P..~#.
#¤¤##~.##.
#..# ## #...
####


You could see Grinder.

Vanquished Creatures
  Menkaure (D:5)
  An ogre (D:5)
  A necrophage (D:5)
  3 iguanas (D:5)
  Natasha (twice) (D:2)
  Robin (D:3)
  4 gnolls (D:3)
  6 adders
  A dart slug (D:1)
  4 orcs (D:6)
  6 ball pythons
  3 bats
  4 endoplasms (D:1)
  4 giant cockroaches
  11 hobgoblins
  8 jackals
  A quokka (D:1)
  7 frilled lizards
  9 goblins
  9 kobolds
  2 rats
88 creatures vanquished.

Vanquished Creatures (others)
  14 fungi (D:5)
  A plant (D:1)
15 creatures vanquished.

Grand Total: 103 creatures vanquished

Notes
Turn   | Place    | Note
-------+----------+-------------------------------------------
     0 | D:1      | qw the Tengu Warper began the quest for the Orb.
     0 | D:1      | Reached XP level 1. HP: 12/12 MP: 4/4
     0 | D:1      | 0 ||| qw: Version: 0.1-a-89-g26bdef1
     0 | D:1      | 0 ||| qw: Game counter: 1665
     0 | D:1      | 0 ||| qw: Always use a shield: true
     0 | D:1      | 0 ||| qw: God list: Okawaru
     0 | D:1      | 0 ||| qw: Allow faded altars: false
     0 | D:1      | 0 ||| qw: Do Orc after D:15 true
     0 | D:1      | 0 ||| qw: Do second Lair branch before Depths: true
     0 | D:1      | 0 ||| qw: Lair rune preference: random
     0 | D:1      | 0 ||| qw: Plans: Normal
     0 | D:1      | 0 ||| PLANNING D:1-11
    56 | D:1      | 56 ||| Stepping ~*~*~tactically~*~*~ (stealth).
    58 | D:1      | 58 ||| Stepping ~*~*~tactically~*~*~ (stealth).
    59 | D:1      | 59 ||| Stepping ~*~*~tactically~*~*~ (stealth).
    60 | D:1      | 60 ||| Stepping ~*~*~tactically~*~*~ (stealth).
   118 | D:1      | Reached XP level 2. HP: 11/17 MP: 6/6
   121 | D:1      | Reached skill level 3 in Axes
   209 | D:1      | 209 ||| Stepping ~*~*~tactically~*~*~ (stealth).
   210 | D:1      | 210 ||| Stepping ~*~*~tactically~*~*~ (stealth).
   465 | D:1      | 465 ||| Stepping ~*~*~tactically~*~*~ (stealth).
   466 | D:1      | 466 ||| Stepping ~*~*~tactically~*~*~ (stealth).
   478 | D:1      | Found a faded altar of an unknown god.
   621 | D:1      | Reached XP level 3. HP: 21/21 MP: 7/7
   760 | D:1      | 760 ||| Stepping ~*~*~tactically~*~*~ (stealth).
   762 | D:1      | 762 ||| Stepping ~*~*~tactically~*~*~ (stealth).
   763 | D:1      | 763 ||| Stepping ~*~*~tactically~*~*~ (stealth).
   766 | D:1      | 766 ||| Stepping ~*~*~tactically~*~*~ (stealth).
   767 | D:1      | 767 ||| Stepping ~*~*~tactically~*~*~ (stealth).
   770 | D:1      | 770 ||| Stepping ~*~*~tactically~*~*~ (stealth).
   771 | D:1      | 771 ||| Stepping ~*~*~tactically~*~*~ (stealth).
   990 | D:1      | 990 ||| Stepping ~*~*~tactically~*~*~ (stealth).
  1035 | D:1      | Reached skill level 4 in Axes
  1183 | D:1      | 1183 ||| UPGRADING to +0 ring mail.
  1193 | D:1      | 1193 ||| DROPPING +0 leather armour.
  1194 | D:1      | 1194 ||| UPGRADING to ring of see invisible.
  1195 | D:1      | 1195 ||| READING scroll labelled RANGIXANYC.
  1196 | D:1      | 1196 ||| READING scroll labelled MAVUZO KYOP.
  1201 | D:1      | 1201 ||| DROPPING scroll of blinking.
  1337 | D:2      | Identified the +1 ring mail "Koumat" {Rampage rElec Str-2
                  | Slay+3}
  1592 | D:2      | 1592 ||| Stepping ~*~*~tactically~*~*~ (stealth).
  1598 | D:2      | 1598 ||| Stepping ~*~*~tactically~*~*~ (stealth).
  1617 | D:2      | 1617 ||| Stepping ~*~*~tactically~*~*~ (stealth).
  1661 | D:2      | Reached XP level 4. HP: 26/26 MP: 8/8
  1686 | D:2      | 1686 ||| Stepping ~*~*~tactically~*~*~ (stealth).
  1687 | D:2      | 1687 ||| Stepping ~*~*~tactically~*~*~ (stealth).
  1696 | D:2      | 1696 ||| Stepping ~*~*~tactically~*~*~ (stealth).
  1697 | D:2      | 1697 ||| Stepping ~*~*~tactically~*~*~ (stealth).
  1747 | D:2      | 1747 ||| Stepping ~*~*~tactically~*~*~ (stealth).
  1777 | D:2      | Found a runed translucent door.
  1778 | D:2      | Noticed Crazy Yiuf
  2021 | D:2      | Noticed Natasha
  2031 | D:2      | Killed Natasha
  2032 | D:2      | Reached skill level 5 in Axes
  2192 | D:2      | 2192 ||| DROPPING +0 club.
  2195 | D:2      | Noticed Natasha
  2196 | D:2      | 2196 ||| Stepping ~*~*~tactically~*~*~ (hiding).
  2203 | D:2      | Killed Natasha
  2381 | D:2      | Gained mutation: Your magical nature lets you fly swiftly
                  | and evasively. [Tengu growth]
  2381 | D:2      | Reached XP level 5. HP: 30/30 MP: 9/9
  2608 | D:2      | 2608 ||| UPGRADING to +1 ring mail "Koumat" {Rampage rElec
                  | Str-2 Slay+3}.
  2618 | D:2      | 2618 ||| DROPPING +0 ring mail.
  2619 | D:2      | 2619 ||| UPGRADING to scarf of resistance.
  2624 | D:2      | 2624 ||| DROPPING ring of magical power.
  2625 | D:2      | 2625 ||| READING scroll labelled QIGETW ETOK.
  2626 | D:2      | 2626 ||| READING 2 scrolls labelled MIUBOCK WOEX.
  2627 | D:2      | 2627 ||| READING scroll labelled CIUSCH UMIMUPU.
  2628 | D:2      | 2628 ||| DROPPING scroll of noise.
  2648 | D:3      | 2648 ||| STAIRDANCE
  2689 | D:3      | 2689 ||| STAIRDANCE
  2767 | D:3      | 2767 ||| Stepping ~*~*~tactically~*~*~ (hiding).
  2778 | D:3      | Reached skill level 6 in Axes
  2955 | D:3      | 2955 ||| DROPPING +0 whip.
  2965 | D:3      | 2965 ||| Stepping ~*~*~tactically~*~*~ (stealth).
  2972 | D:3      | Noticed Robin
  2973 | D:3      | 2973 ||| Stepping ~*~*~tactically~*~*~ (stealth).
  2974 | D:3      | 2974 ||| Stepping ~*~*~tactically~*~*~ (stealth).
  2983 | D:3      | 2983 ||| Stepping ~*~*~tactically~*~*~ (hiding).
  2992 | D:3      | Killed Robin
  2993 | D:3      | 2993 ||| Stepping ~*~*~tactically~*~*~ (stealth).
  3005 | D:3      | You are sucked into a shaft and drop 3 floors!
  3128 | D:6      | 3128 ||| SWAPPING to +0 war axe.
  3129 | D:6      | 3129 ||| DROPPING +0 hand axe of chaos.
  3180 | D:6      | 3180 ||| READING scroll labelled VUQO RU JYI.
  3185 | D:6      | Noticed an ogre
  3186 | D:6      | Noticed a steam dragon
  3188 | D:6      | 3188 ||| FLEEEEING.
  3189 | D:6      | 3189 ||| FLEEEEING.
  3190 | D:6      | 3190 ||| STAIRDANCE
  3191 | D:5      | Entered Level 5 of the Dungeon
  3199 | D:5      | Reached XP level 6. HP: 21/35 MP: 10/10
  3203 | D:5      | Reached skill level 7 in Axes
  3447 | D:5      | HP: 8/35 [ogre/+0 giant club (22)]
  3448 | D:5      | 3448 ||| READING scroll of teleportation.
  3450 | D:5      | Reached skill level 3 in Fighting
  3771 | D:5      | Reached XP level 7. HP: 26/41 MP: 11/11
  3933 | D:5      | Noticed Menkaure
  3934 | D:5      | 3934 ||| Stepping ~*~*~tactically~*~*~ (hiding).
  3936 | D:5      | 3936 ||| Stepping ~*~*~tactically~*~*~ (hiding).
  3942 | D:5      | HP: 10/41 [Menkaure (20)]
  3943 | D:5      | 3943 ||| READING scroll of teleportation.
  3944 | D:5      | Killed Menkaure
  3945 | D:5      | Reached skill level 8 in Axes
  4178 | D:5      | 4178 ||| READING scroll labelled UCVUHA ISE ROR.
  4179 | D:5      | 4179 ||| DRINKING 2 purple potions.
  4180 | D:5      | 4180 ||| DRINKING 2 fizzy grey potions.
  4181 | D:5      | 4181 ||| DROPPING potion of attraction.
  4184 | D:5      | Noticed Grinder
  4185 | D:5      | 4185 ||| Stepping ~*~*~tactically~*~*~ (stealth).
  4186 | D:5      | Paralysed by Grinder for 4 turns
  4193 | D:5      | HP: 9/41 [Grinder (6)]
  4194 | D:5      | HP: 3/41 [Grinder (6)]
  4194 | D:5      | Slain by Grinder

Levels and vault maps discovered:
D:1:      co_arrival_square_in_a_square_in_a_square, layout_loops_ring,
          serial_forest, infiniplex_forest_clump_tiny, infiniplex_forest_end_1,
          infiniplex_forest_pool, infiniplex_forest_lined_room_2,
          infiniplex_forest_straight_2, infiniplex_forest_lined_ring,
          infiniplex_forest_split, infiniplex_forest_lined_1,
          hellmonk_ecumenical_altar_inner_sanctum
D:2:      layout_basic, uniq_crazy_yiuf_cottage, uniq_natasha
D:3:      layout_basic, minmay_tree_intersection, uniq_robin
D:5:      layout_basic, nicolae_overflow_hidden_temple, serial_aquarium,
          aquarium_bridge_island_small [aquarium_subvault_small_water,
          aquarium_subvault_bridge, aquarium_subvault_wall,
          aquarium_subvault_bridge, aquarium_subvault_wall],
          aquarium_window_fake, aquarium_window_corridor_3, aquarium_view_2e,
          aquarium_view_2d, uniq_grinder, uniq_blork_the_orc, uniq_pikel,
          uniq_menkaure
D:6:      layout_gridville

Skill      XL: |  1  2  3  4  5  6  7 |
---------------+----------------------+-----
Axes           | 3 4 5 6 7 8 |  8.2
Fighting       | 3 |  3.2
Throwing       | |  1.0
Armour         | |  1.1
Dodging        | |  2.1
Spellcasting   | |  2.0
Translocations | |  2.4

Action                   |  1- 3 |  4- 6 |  7- 9 || total
-------------------------+-------+-------+-------++-------
Melee: Hand axe          |    75 |    65 |       ||   140
       Peck              |    14 |    17 |     1 ||    32
       Kick              |    15 |    16 |     3 ||    34
       Punch             |     1 |     3 |       ||     4
       War axe           |       |    25 |    11 ||    36
Throw: Boomerang         |     7 |    12 |     2 ||    21
       Javelin           |       |     6 |       ||     6
  Use: Scroll            |     2 |     5 |     2 ||     9
       Potion            |       |       |     2 ||     2
Armor: Leather armour    |     8 |       |       ||     8
       Ring mail         |    10 |    25 |     3 ||    38
Dodge: Dodged            |    32 |    49 |     2 ||    83

Table legend:
 A = Non-vault XP
 B = Vault XP
 C = Vault XP percentage of total XP
 D = Non-vault monster count
 E = Vault monster count
 F = Vault count percentage of total count
                 A         B        C        D         E       F
            +---------+---------+-------+---------+---------+-------
      Total |     601 |     241 |  28.6 |      75 |      13 |  14.8
            +---------+---------+-------+---------+---------+-------
        D:1 |      47 |       0 |   0.0 |      27 |       0 |   0.0
        D:2 |     102 |      35 |  25.5 |      26 |       1 |   3.7
        D:3 |      58 |      34 |  37.0 |       5 |      11 |  68.8
        D:5 |     382 |     172 |  31.0 |      13 |       1 |   7.1
        D:6 |      12 |       0 |   0.0 |       4 |       0 |   0.0
            +---------+---------+-------+---------+---------+-------
